 Dungeon Crawl Stone Soup version 0.28-a0-578-g717728bcc0 (webtiles) character file.

Game seed: 4349747555860311863

13684 MacCMillion the Spear-Bearer (level 12, -8/77 HPs)
             Began as a Merfolk Ice Elementalist on Oct 2, 2021.
             Was a Priest of Hepliaklqana.
             Mangled by a molten gargoyle (11 damage)
             ... in a volcano.
             The game lasted 01:08:49 (16915 turns).

MacCMillion the Spear-Bearer (MfIE)                Turns: 16915, Time: 01:08:53

Health: -8/77      AC:  8    Str: 11    XL:     12   Next: 8%
Magic:  17/19      EV: 16    Int: 16    God:    Hepliaklqana [***...]
Gold:   447        SH:  0    Dex: 15    Spells: 9/20 levels left

rFire   . . .      SeeInvis .   E - +5 trident
rCold   . . .      Faith    .   (no shield)
rNeg    . . .      Spirit   .   A - +0 acid dragon scales
rPois   .          Reflect  .   I - +1 helmet
rElec   .          Harm     .   (no cloak)
rCorr   +          Rampage  .   (no gloves)
Will    .....                   (no boots)
Stlth   ++........              O - amulet of magic regeneration
HPRegen 0.22/turn               i - ring of resist corrosion
MPRegen 0.41/turn               a - ring of flight

@: flying
A: reduced essence, (nimble swimmer 2), mertail
a: Renounce Religion, Recall Ancestor, Ancestor Identity, Transference


You were in a volcano.
You worshipped Hepliaklqana.
Hepliaklqana was most pleased with you.
You visited 3 branches of the dungeon, and saw 11 of its levels.
You also visited: Ossuary and Volcano.

You collected 607 gold pieces.
You spent 160 gold pieces at shops.

Inventory:

Hand Weapons
 v - a +1 short sword of protection
 y - a +0 trident
 E - a +5 trident (weapon)
Missiles
 m - 27 poisoned darts
 H - 2 throwing nets
Armour
 f - a +1 leather armour
 z - a +0 ring mail
 A - +0 acid dragon scales (worn)
 C - a +1 robe of willpower
 I - a +1 helmet (worn)
 J - a +1 pair of boots
Jewellery
 a - a ring of flight (right hand)
 h - a ring of ice
 i - a ring of resist corrosion (left hand)
 N - a ring of ice
 O - an amulet of magic regeneration (around neck)
Wands
 s - a wand of flame (9)
 M - a wand of mindburst (25)
 P - a wand of iceblast (11)
Scrolls
 c - a scroll of fear {unknown}
 d - 4 scrolls of enchant armour
 l - 2 scrolls of vulnerability
 q - a scroll of silence {unknown}
 t - a scroll of noise {unknown}
 w - a scroll of holy word {unknown}
 B - a scroll of identify
 D - a scroll of immolation
Potions
 g - 2 potions of berserk rage
 j - 5 potions of flight
 k - 7 potions of curing
 n - 2 potions of might {unknown}
 p - 2 potions of brilliance
 r - 3 potions of magic
 u - a potion of attraction {unknown}
 x - a potion of haste {unknown}
 F - a potion of invisibility {unknown}
 K - a potion of lignification {unknown}
 L - 2 potions of ambrosia {unknown}


   Skills:
 - Level 5.0 Fighting
 - Level 3.1 Short Blades
 - Level 14.0 Polearms
 - Level 3.0 Armour
 - Level 10.0 Dodging
 - Level 2.2 Stealth
 + Level 4.8 Spellcasting
 + Level 6.7 Conjurations
 + Level 10.0 Ice Magic
 * Level 3.3 Evocations


You had 9 spell levels left.
You knew the following spells:

 Your Spells              Type           Power      Damage    Failure   Level
a - Freeze                Ice            100%       1d11      1%          1
b - Frozen Ramparts       Ice            70%        1d9       1%          3
c - Ozocubu's Armour      Ice            35%        N/A       1%          3
d - Hailstorm             Conj/Ice       30%        3d8       8%          4

Your spell library contained the following spells:

 Spells                   Type           Power      Damage    Failure   Level
 Dazzling Flash           Conj/Hex       28%        N/A       17%         3
 Stone Arrow              Conj/Erth      28%        3d8       17%         3
 Sandblast                Erth           6%         2d5       24%         1
 Summon Small Mammal      Summ           12%        N/A       24%         1
 Passwall                 Tmut/Erth      2%         N/A       34%         2
 Iskenderun's Mystic Bla  Conj/Tloc      14%        2d5       50%         4
 Call Canine Familiar     Summ           3%         N/A       56%         3
 Portal Projectile        Hex/Tloc       6%         N/A       56%         3
 Summon Guardian Golem    Hex/Summ       3%         N/A       56%         3
 Irradiate                Conj/Tmut      7%         3d16      85%         5
 Blade Hands              Tmut           1%         N/A       100%        5
 Excruciating Wounds      Necr           1%         N/A       100%        5
 Starburst                Conj/Fire      7%         6d4       100%        6
 Dragon Form              Tmut           1%         N/A       100%        7


Dungeon Overview and Level Annotations

Branches:
Dungeon (9/15)             Temple (1/1) D:4            Lair (1/6) D:8
    Orc (0/2) D:9         Ossuary (visited)         Volcano (1/1)

Altars:
Ashenzari
Cheibriados
Dithmenos
Elyvilon
Fedhas
Gozag
Hepliaklqana
Kikubaaqudgha
Makhleb
Nemelex Xobeh
Okawaru
Qazlal
Ru
Sif Muna
Trog
Uskayaw
Vehumet
Xom
Yredelemnul
Zin
The Shining One

Shops:
D:9 *

Annotations:
D:6 1 exclusion


Innate Abilities, Weirdness & Mutations

Your life essence is reduced to manifest your ancestor. (-10% HP)
((You are quick and stealthy near water. (Stealth+, EV+, Speed+++)))
Your lower body shifts to a powerful aquatic tail in water.


Message History

[the floor.]
The molten gargoyle blasts magma at you!
The bolt of magma hits you!!
* * * LOW HITPOINT WARNING * * *
You feel much better.
The molten gargoyle blasts magma at you!
The bolt of magma hits you!!
* * * LOW HITPOINT WARNING * * *
Casting: Hailstorm (dangerous; 8% risk of failure)
Confirm with . or Enter, or press ? or * to list all spells.
You can't see any susceptible monsters within range! (Use Z to cast anyway.)
As you read the scroll of fog, it crumbles to dust.
The scroll dissolves into smoke.
You reach down and open the door. 2 efreet come into view.
An efreet is wielding a +1 scimitar of flaming.
An efreet is wielding a +2 scimitar of flaming.
A fire vortex comes into view.
A fire elemental comes into view.
There is an open door here.
Okay, then.
You feel much better.
You barely miss the molten gargoyle. The molten gargoyle misses you.
As you read the scroll labelled EKHLIM YNUNGU, it crumbles to dust.
It is a scroll of enchant weapon.
Your +4 trident glows red for a moment.
The molten gargoyle blasts magma at you!
The bolt of magma misses you.
As you read the scroll labelled MYPPE JYEPH, it crumbles to dust.
The creatures around you are filled with an inner flame!
It was a scroll of immolation.
The molten gargoyle completely misses you.
Unknown command.
As you read the scroll labelled ODWEYWNIL, it crumbles to dust.
Your body is wracked with pain!
* * * LOW HITPOINT WARNING * * *
It was a scroll of torment.
The molten gargoyle hits you with a +0 flail!
* * * LOW HITPOINT WARNING * * *
You are engulfed in flames!
You die...

###°.≈≈
#☼.○☼≈≈
☼§E☼☼v≈
☼≈☼☼☼≈≈
#☼☼☼R≈≈
#R.≈≈
#..## #@#
##9#
##§§##
##§§§§#
##.☼≈○☼#
##
#.☼§§9☼#
..#
##.§§≈≈#
#)#
##§§≈≈##9#
##§###'##


You could see 2 efreet, a fire elemental, a molten gargoyle (inner flame) and a
fire vortex.

Vanquished Creatures
  Harold (D:8)
  2 two-headed ogres (D:9)
  3 death yaks (D:8)
  Pikel (D:7)
  Joseph (D:7)
  A molten gargoyle (Volcano)
  A cane toad (Lair:1)
  Maggie (D:7)
  Prince Ribbit (D:9)
  8 yaks
  Grum (D:8)
  2 wyverns
  2 fire elementals (Volcano)
  Eustachio (D:5)
  3 water moccasins
  An orc warrior (D:9)
  Duvessa (D:7)
  2 black bears
  2 necrophages
  2 ogres
  3 wolves (D:8)
  A centaur (D:9)
  2 lemures (D:7)
  A kobold brigand (D:7)
  An elf zombie (Ossuary)
  4 bullfrogs
  A wyvern skeleton (D:7)
  Dowan (D:7)
  A water moccasin skeleton (D:5)
  3 killer bees
  7 howler monkeys
  4 wights
  2 centaur zombies (D:8)
  An orc priest (D:4)
  2 human zombies (Ossuary)
  2 bullfrog skeletons
  A centaur skeleton (D:5)
  A gnoll shaman (D:6)
  An orc wizard (D:9)
  3 mummies
  10 gnolls
  2 howler monkey skeletons (D:7)
  3 adders
  2 white imps
  2 adder skeletons (D:4)
  4 adder zombies (Ossuary)
  2 worms
  A dart slug (D:1)
  34 orcs
  6 bats
  14 endoplasms
  3 giant cockroaches
  4 goblins
  6 hobgoblins
  5 jackals
  9 kobolds
  5 quokkas
  8 ball pythons
  5 frilled lizards
  A goblin zombie (Ossuary)
  5 hobgoblin zombies (Ossuary)
  3 kobold zombies (Ossuary)
  3 orc zombies (Ossuary)
  2 rats (D:2)
218 creatures vanquished.

Vanquished Creatures (collateral kills)
  2 death yaks
  A black mamba (Lair:1)
  A komodo dragon (Lair:1)
  A wyvern (D:9)
  A wraith (D:7)
  A yak (D:8)
  A basilisk (Lair:1)
  An orc warrior (D:9)
  A sky beast (D:7)
  A lemure (D:7)
  2 phantoms (D:6)
  A kobold brigand (D:8)
  An elf zombie (Ossuary)
  4 bullfrogs
  4 killer bees
  2 howler monkeys (D:9)
  5 wights
  A human zombie (Ossuary)
  2 jellies (D:7)
  An orc wizard (D:8)
  A gnoll (D:6)
  An adder zombie (Ossuary)
  6 orcs
  3 kobolds (D:7)
  A goblin zombie (Ossuary)
  2 hobgoblin zombies (Ossuary)
  7 kobold zombies (Ossuary)
  5 orc zombies (Ossuary)
60 creatures vanquished.

Vanquished Creatures (others)
  6 knights
  7 ancestors
  A fungus (Lair:1)
  10 plants (D:4)
24 creatures vanquished.

Grand Total: 302 creatures vanquished

Notes
Turn   | Place    | Note
-------+----------+-------------------------------------------
     0 | D:1      | MacCMillion the Merfolk Ice Elementalist began the quest
                  | for the Orb.
     0 | D:1      | Reached XP level 1. HP: 13/13 MP: 3/3
   342 | D:1      | Reached skill level 5 in Ice Magic
   342 | D:1      | Reached XP level 2. HP: 12/19 MP: 0/5
   628 | D:1      | Reached XP level 3. HP: 23/24 MP: 3/6
   984 | D:1      | Learned a level 3 spell: Frozen Ramparts
  2040 | D:2      | Reached XP level 4. HP: 28/30 MP: 5/7
  2704 | D:2      | Reached XP level 5. HP: 35/35 MP: 3/8
  2933 | D:2      | Found a faded altar of an unknown god.
  3024 | D:2      | Found a shadowy altar of Dithmenos.
  3245 | D:2      | Learned a level 3 spell: Ozocubu's Armour
  3851 | D:3      | Reached skill level 1 in Fighting
  3851 | D:3      | Reached skill level 1 in Short Blades
  4104 | D:4      | Noticed a yak
  4104 | D:4      | Noticed a yak
  4271 | D:4      | Noticed a black bear
  4278 | D:4      | Noticed a yak
  4670 | D:4      | Killed a black bear
  4671 | D:4      | Reached XP level 6. HP: 43/44 MP: 2/9
  5327 | D:4      | Reached XP level 7. HP: 48/51 MP: 3/10
  5645 | D:4      | Found a staircase to the Ecumenical Temple.
  5651 | Temple   | Entered the Ecumenical Temple
  5792 | Temple   | Became a worshipper of Hepliaklqana the Forgotten
  6014 | D:5      | Entered Level 5 of the Dungeon
  6073 | D:5      | Found a blossoming altar of Fedhas.
  6116 | D:5      | Reached skill level 1 in Polearms
  6191 | D:5      | Found a burning altar of Makhleb.
  6261 | D:5      | Found a glowing silver altar of Zin.
  6285 | D:5      | Reached skill level 2 in Polearms
  6351 | D:5      | Reached skill level 3 in Polearms
  6406 | D:5      | Found a sacrificial altar of Ru.
  6408 | D:5      | Found a stormy altar of Qazlal.
  6416 | D:5      | Found a broken altar of Ashenzari.
  6798 | D:5      | Noticed Eustachio
  6892 | D:5      | Reached * piety under Hepliaklqana
  6954 | D:6      | Reached skill level 4 in Polearms
  7020 | D:6      | Reached XP level 8. HP: 27/54 MP: 7/11
  7207 | D:6      | Reached skill level 5 in Polearms
  7311 | D:6      | Found a snail-covered altar of Cheibriados.
  7338 | D:6      | Reached skill level 5 in Fighting
  7462 | D:6      | Reached skill level 6 in Polearms
  7524 | D:6      | Noticed a yak
  7633 | D:6      | Noticed a yak
  7893 | D:6      | Noticed a yak
  7893 | D:6      | Noticed a yak
  7917 | D:6      | Killed a yak
  7920 | D:6      | Killed a yak
  7921 | D:6      | Reached skill level 7 in Polearms
  7923 | D:6      | Killed a yak
  7924 | D:6      | Reached skill level 5 in Dodging
  7925 | D:6      | Killed a yak
  7926 | D:6      | Reached skill level 8 in Polearms
  8125 | D:6      | Reached XP level 9. HP: 58/61 MP: 12/12
  8288 | D:6      | Reached skill level 9 in Polearms
  8463 | D:7      | Noticed Pikel
  8579 | D:7      | Killed Pikel
  8579 | D:7      | Noticed Maggie
  8580 | D:7      | Reached skill level 10 in Polearms
  8746 | D:7      | Killed Maggie
  8944 | D:7      | Found a sand-covered staircase.
  8967 | Ossuary  | Entered an ossuary
  9248 | Ossuary  | Learned a level 4 spell: Hailstorm
  9355 | Ossuary  | Reached skill level 11 in Polearms
  9682 | D:7      | Noticed a boulder beetle
  9788 | D:7      | Reached skill level 1 in Conjurations
  9871 | D:7      | Reached skill level 1 in Armour
  9996 | D:7      | Reached XP level 10. HP: 56/66 MP: 9/13
 10101 | D:7      | Noticed Dowan
 10107 | D:7      | Noticed Duvessa
 10108 | D:7      | Killed Dowan
 10126 | D:7      | Killed Duvessa
 10217 | D:7      | Noticed Joseph
 10234 | D:7      | Killed Joseph
 10434 | D:7      | Reached ** piety under Hepliaklqana
 10436 | D:7      | Remembered your ancestor Bozena as a knight
 10918 | D:8      | Reached skill level 12 in Polearms
 11172 | D:8      | Noticed Harold
 11292 | D:5      | Killed Eustachio
 11489 | D:8      | Noticed Grum
 11495 | D:8      | Noticed a death yak
 11501 | D:8      | Noticed a death yak
 11504 | D:8      | Killed Grum
 11504 | D:8      | Noticed a death yak
 11505 | D:8      | Reached skill level 10 in Dodging
 11741 | D:8      | Killed a death yak
 11742 | D:8      | Noticed a death yak
 11742 | D:8      | Noticed a death yak
 11842 | D:8      | Killed a death yak
 11843 | D:8      | Reached skill level 13 in Polearms
 11874 | D:8      | Noticed a death yak
 11892 | D:7      | Killed a death yak
 11893 | D:7      | Reached skill level 5 in Conjurations
 11893 | D:7      | Reached XP level 11. HP: 22/71 MP: 11/14
 12477 | D:8      | Reached skill level 14 in Polearms
 12900 | D:9      | Reached *** piety under Hepliaklqana
 13035 | D:9      | Found a staircase to the Orcish Mines.
 13073 | D:9      | Noticed Prince Ribbit
 13086 | D:9      | Killed Prince Ribbit
 13138 | D:9      | Noticed a two-headed ogre
 13139 | D:9      | Noticed a two-headed ogre
 13158 | D:9      | Killed a two-headed ogre
 13268 | D:8      | Killed a death yak
 13273 | D:8      | Found a staircase to the Lair.
 13533 | D:8      | Found a glowing golden altar of the Shining One.
 13667 | D:8      | Found an ancient bone altar of Kikubaaqudgha.
 13812 | D:8      | Killed Harold
 13887 | D:8      | Killed a death yak
 14503 | D:9      | Found Ischigiwn's Demolitions Depot.
 15190 | D:9      | Killed a two-headed ogre
 16459 | D:9      | Bought a wand of mindburst (12) for 160 gold pieces
 16560 | Lair:1   | Entered Level 1 of the Lair of Beasts
 16577 | Lair:1   | Reached skill level 1 in Evocations
 16709 | Lair:1   | Reached XP level 12. HP: 76/77 MP: 6/19
 16846 | Lair:1   | Found a dark tunnel.
 16855 | Volcano  | Entered a volcano
 16895 | Volcano  | Reached skill level 10 in Ice Magic
 16915 | Volcano  | HP: 3/77 [molten gargoyle (13)]
 16915 | Volcano  | Mangled by a molten gargoyle

Illustrated notes

Levels and vault maps discovered:
D:1:      wander_arrival_abandoned_jail, layout_basic, amethyst_killhole,
          minmay_misc_feat_doors
D:2:      layout_rooms, shapermc_ecumenical_altar_mp_highgroup,
          minmay_hexomino_r4
D:3:      layout_rooms
D:4:      layout_rooms, minmay_temple_entry_fiery, chequers_big_river,
          hangedman_decor_points
D:5:      layout_basic, mainiacjoe_overflow_boulevard,
          gammafunk_temple_overflow_forgotten, mainiacjoe_overflow_24_doors,
          mainiacjoe_overflow_six_doors_small, uniq_eustachio
D:6:      cheibrodos_two_vegetables, layout_rooms, cheibriados_altar_1
D:7:      layout_basic, gup_ossuary_entry_pyramid, uniq_pikel, uniq_maggie,
          uniq_duvessa, uniq_joseph
D:8:      wad_crossroads, layout_rooms, mainiacjoe_overflow_catwalk,
          lemuel_round_altar, dpeg_lair_monsters, minmay_checkerbox, uniq_grum,
          uniq_harold
D:9:      layout_layer_cave, hiddenorc1_lemuel, chequers_jeans,
          nicolae_blasting_shop, uniq_prince_ribbit1
Temple:   minmay_temple_bridge_abc
Lair:1:   layout_loops_ring, enter_volcano_1
Volcano:  volcano_aerie

Skill      XL: |  1  2  3  4  5  6  7  8  9 10 11 12 |
---------------+-------------------------------------+-----
Ice Magic      | 5 6 7 8 9 10 | 10.0
Fighting       | 2 4 5 |  5.0
Short Blades   | 2 3 |  3.1
Polearms       | 4 8 11 13 14 | 14.0
Dodging        | 6 9 10 | 10.0
Conjurations   | 1 5 6 |  6.7
Armour         | 1 3 |  3.0
Spellcasting   | 4 |  4.8
Evocations     | 2 3 |  3.3
Stealth        | |  2.2

Action                   |  1- 3 |  4- 6 |  7- 9 | 10-12 || total
-------------------------+-------+-------+-------+-------++-------
Melee: Whip              |     1 |       |       |       ||     1
       Dagger            |    10 |    31 |       |       ||    41
       Short sword       |       |     6 |    61 |       ||    67
       Trident           |       |       |   254 |   206 ||   460
 Cast: Freeze            |    44 |    67 |    40 |    16 ||   167
       Frozen Ramparts   |     1 |     6 |    10 |    31 ||    48
       Ozocubu's Armour  |       |     3 |     9 |     5 ||    17
       Hailstorm         |       |       |       |     9 ||     9
Invok: Recall Ancestor   |       |       |     2 |     2 ||     4
       Ancestor Identity |       |       |     1 |       ||     1
       Ancestor Life: Kn |       |       |       |     1 ||     1
  Use: Scroll            |       |     1 |     4 |    10 ||    15
       Potion            |       |       |       |     5 ||     5
 Stab: Sleeping          |     4 |     3 |     3 |     2 ||    12
       Distracted        |       |       |     4 |     2 ||     6
Armor: Robe              |     2 |    12 |       |       ||    14
       Leather armour    |       |    17 |    47 |       ||    64
       Acid dragon scale |       |       |    18 |    14 ||    32
Dodge: Dodged            |    36 |    55 |   104 |    81 ||   276

Table legend: (Time is in decaauts)
 A = Elapsed time spent in this place.
 B = Non-inter-level travel time spent in this place.
 C = Inter-level travel time spent in this place.
 D = Time resting spent in this place.
 E = Time spent auto-exploring this place.
 F = Levels seen in this place.
 G = Mean time per level.
                   A        B        C        D        E       F      G
               +--------+--------+--------+--------+--------+-----+--------+
         Total |  16660 |  15928 |    732 |   5363 |   6926 |  13 | 1281.5 |
       Dungeon |  15649 |  14933 |    716 |   5131 |   6764 |   9 | 1738.8 |
        Temple |    113 |     98 |     15 |      0 |     67 |   1 |  113.0 |
          Lair |    279 |    279 |      0 |      9 |     25 |   1 |  279.0 |
       Ossuary |    561 |    561 |      0 |    219 |     70 |   1 |  561.0 |
       Volcano |     57 |     57 |      0 |      4 |      0 |   1 |   57.0 |
               +--------+--------+--------+--------+--------+-----+--------+

Top non-repeatable levels by time:
     D:9: 2870 daAuts
     D:1: 2364 daAuts
     D:7: 2184 daAuts
     D:8: 1893 daAuts
     D:4: 1699 daAuts
     D:6: 1692 daAuts
     D:5: 1203 daAuts
     D:2: 1080 daAuts
     D:3: 660 daAuts
 Ossuary: 561 daAuts
  Lair:1: 279 daAuts
  Temple: 113 daAuts
 Volcano: 57 daAuts
